 Dungeon Crawl Stone Soup version 0.22-a0-469-gf26638a (webtiles) character file.

282 Mamutox the Sneak (level 6, -4/28 HPs)
             Began as a Spriggan Enchanter on June 12, 2018.
             Was an Initiate of Gozag.
             Slain by a slave (5 damage)
             ... led by Pikel
             ... on level 4 of the Dungeon.
             The game lasted 00:19:31 (4428 turns).

Mamutox the Sneak (Spriggan Enchanter)              Turns: 4428, Time: 00:19:31

Health: -4/28      AC:  2    Str:  4    XL:     6   Next: 6%
Magic:  9/13       EV: 20    Int: 17    God:    Gozag
Gold:   211        SH:  0    Dex: 18    Spells: 7/13 levels left

rFire    . . .     SeeInvis +   a - +1 dagger
rCold    . . .     Gourm    .   (shield restricted)
rNeg     . . .     Faith    .   b - +0 robe
rPois    .         Spirit   .   (helmet restricted)
rElec    .         Reflect  .   (no cloak)
rCorr    .         Harm     .   (gloves unavailable)
MR       +....                  (boots unavailable)
Stlth    ++++......             (no amulet)
HPRegen  0.09/turn              (no ring)
MPRegen  0.13/turn              (no ring)

@: very slightly contaminated, very quick
A: very small, unfitting armour, see invisible, herbivore, speed 3, slow
metabolism 2
a: Potion Petition, Call Merchant, Bribe Branch, Renounce Religion


You were on level 4 of the Dungeon.
You worshipped Gozag.
Gozag was aware of your devotion.
You were not hungry.

You visited 1 branch of the dungeon, and saw 5 of its levels.

You collected 248 gold pieces.
You paid 37 gold pieces to Gozag.

Inventory:

Hand Weapons
 a - a +1 dagger (weapon)
 f - a +0 hunting sling
Missiles
 g - 57 sling bullets
 h - 123 stones (quivered)
 p - 35 poisoned needles
Armour
 b - a +0 robe (worn)
 m - a +0 buckler
Wands
 q - a wand of digging (7)
Scrolls
 e - 2 scrolls of remove curse {unknown}
 k - a scroll of enchant armour {unknown}
 o - 3 scrolls of identify {unknown}
 r - a scroll of magic mapping {unknown}
 s - a scroll of teleportation {unknown}
Potions
 c - 4 potions of curing {unknown}
 i - a potion of berserk rage {unknown}
 j - a potion of might {unknown}
 l - a potion of agility {unknown}
 n - 2 potions of mutation {unknown}
 t - a potion of degeneration {unknown}
 u - a potion of cancellation {unknown}
Comestibles
 d - 4 rations


   Skills:
 + Level 0.3 Fighting
 + Level 2.5 Short Blades
 + Level 4.1 Dodging
 + Level 6.7 Stealth
 + Level 4.1 Spellcasting
 + Level 5.1 Hexes
 - Level 0.4 Ice Magic


You had 7 spell levels left.
You knew the following spells:

 Your Spells              Type           Power        Failure   Level  Hunger
a - Corona                Hex            ###....      1%          1    None
c - Confuse               Hex            ###.....     6%          3    ###....
x - Ensorcelled Hibernat  Hex/Ice        ##....       8%          2    ##.....

Your spell library contained the following spells:

 Spells                   Type           Power        Failure   Level  Hunger
 Tukima's Dance           Hex            ###.....     6%          3    ###....
 Dazzling Spray           Conj/Hex       ##....       16%         3    ###....


Dungeon Overview and Level Annotations

Branches:
Dungeon (5/15)
 Temple: D:4-7

Altars:
Gozag
Zin

Annotations:
D:5 Pikel


Innate Abilities, Weirdness & Mutations

You are very small and have problems with some larger weapons.
You are too small for most types of armour.
You have supernaturally acute eyesight. (SInv)
You are a herbivore.
You cover ground extremely quickly.
You need to consume almost no food.


Message History

Press: ? - help, Shift-Dir - straight line, f - slave
Aim: a slave, wearing an animal skin (chance to defeat MR: 43%)
You miscast Ensorcelled Hibernation.
You are very lightly contaminated with residual magic.
You hear a crackling sound.
Casting: Ensorcelled Hibernation (safe; 8% risk of failure)
Confirm with . or Enter, or press ? or * to list all spells.
Aiming: Ensorcelled Hibernation (safe; 8% risk of failure)
Press: ? - help, Shift-Dir - straight line, f/p - slave
Aim: a slave, wearing an animal skin (chance to defeat MR: 43%)
The slave resists with some effort.
There is a stone staircase leading up here.
There are no items here.
The slave hits you!
* * * LOW HITPOINT WARNING * * *
You climb upwards.
There is a stone staircase leading down here.
The slave hits you.
You die...
Your body crumbles into a pile of gold.

.....###...<.......#
.....#.............#
.....#...##.#......#
...).'......#......#
.###.#....###......#
.+...+........######
.###.#....###..#
####.#....###..####
.....'..........@>#
######....#.###.#p#
#....#...#...#
#....###.##..#
#....# #.....#
#....# #####'###
#....# #....# #....#
#....# ##...# #....#


You could see a slave.

Vanquished Creatures
  A slave (D:5)
  A sky beast (D:5)
  2 worker ants (D:4)
  4 adders
  3 gnolls
  A dart slug (D:1)
  3 leopard geckos
  6 orcs
  4 giant cockroaches
  10 goblins
  2 hobgoblins
  2 jackals
  4 kobolds
  3 ball pythons
  9 bats
  20 frilled lizards
  9 rats
84 creatures vanquished.

Notes
Turn   | Place    | Note
-------+----------+-------------------------------------------
     0 | D:1      | Mamutox the Spriggan Enchanter began the quest for the Orb.
     0 | D:1      | Reached XP level 1. HP: 9/9 MP: 5/5
   287 | D:1      | Reached XP level 2. HP: 10/13 MP: 6/6
   291 | D:1      | Learned a level 2 spell: Ensorcelled Hibernation
   944 | D:2      | Reached XP level 3. HP: 12/16 MP: 3/8
  1482 | D:2      | Reached skill level 5 in Stealth
  1712 | D:2      | Found a glowing silver altar of Zin.
  2078 | D:3      | Reached XP level 4. HP: 19/21 MP: 6/9
  2434 | D:3      | Found an opulent altar of Gozag.
  3062 | D:3      | Became a worshipper of Gozag Ym Sagoz the Greedy
  3223 | D:5      | Entered Level 5 of the Dungeon
  3230 | D:5      | Noticed a sky beast
  3239 | D:5      | Killed a sky beast
  3239 | D:5      | Reached skill level 5 in Hexes
  3239 | D:5      | Reached XP level 5. HP: 15/24 MP: 8/12
  3458 | D:3      | Learned a level 3 spell: Confuse
  3470 | D:4      | Reached skill level 6 in Stealth
  4174 | D:4      | Reached XP level 6. HP: 28/28 MP: 8/13
  4302 | D:5      | Noticed a slave
  4302 | D:5      | Noticed a slave
  4303 | D:5      | Noticed a slave
  4304 | D:5      | Noticed a slave
  4304 | D:5      | Noticed Pikel
  4379 | D:5      | Killed a slave
  4426 | D:5      | HP: 1/28 [slave[Pikel] (10)]
  4428 | D:4      | Slain by a slave

Vault maps used:
D:1:      erik_arrival_triangle_medium
D:2:      nicolae_overflow_hidden_temple, minmay_lizard_king
D:3:      grunt_gozag_statues
D:4:      first_ration
D:5:      temple_statues, basic_altar, grunt_ministairs_8, uniq_pikel

Skill      XL: |  1  2  3  4  5  6 |
---------------+-------------------+-----
Hexes          | 4 5 |  5.1
Spellcasting   | 3 4 |  4.1
Stealth        | 5 6 |  6.7
Short Blades   | 2 |  2.5
Dodging        | 4 |  4.1
Fighting       | |  0.3
Ice Magic      | |  0.4

Action                   |  1- 3 |  4- 6 || total
-------------------------+-------+-------++-------
Melee: Dagger            |   139 |   108 ||   247
 Cast: Corona            |     4 |       ||     4
       Ensorcelled Hiber |    29 |    53 ||    82
       Confuse           |       |     2 ||     2
 Stab: Sleeping          |    20 |    23 ||    43
       Distracted        |       |     1 ||     1
       Confused          |       |     1 ||     1
  Eat: Ration            |     1 |     2 ||     3
Armor: Robe              |    12 |     4 ||    16
Dodge: Dodged            |   116 |   126 ||   242

Table legend:
 A = Spawn XP
 B = Non-spawn XP
 C = Spawn XP percentage of total XP
 D = Spawn monster count
 E = Non-spawn monster count
 F = Spawn count percentage of total count
 G = Total turns spent on level
                    A         B        C        D         E        F      G
               +---------+---------+-------+---------+---------+-------+---------
         Total |       0 |     404 |   0.0 |       0 |      83 |   0.0 |  4428
               +---------+---------+-------+---------+---------+-------+---------
           D:1 |       0 |      34 |   0.0 |       0 |      20 |   0.0 |   874
           D:2 |       0 |      49 |   0.0 |       0 |      27 |   0.0 |  1300
           D:3 |       0 |      95 |   0.0 |       0 |      28 |   0.0 |  1452
           D:4 |       0 |     102 |   0.0 |       0 |       7 |   0.0 |   534
           D:5 |       0 |     124 |   0.0 |       0 |       1 |   0.0 |   268
               +---------+---------+-------+---------+---------+-------+---------
